 Dungeon Crawl Stone Soup version 0.32-a0-918-g0f22ef8d61 (webtiles) character file.

Game seed: 1911696709660000778

217 Griffin23 the Slasher (level 5, -8/47 HPs)
             Began as a Minotaur Fighter on Apr 11, 2024.
             Was an Initiate of Nemelex Xobeh.
             Mangled by an ogre
             ... wielding a +0 giant club
              (21 damage)
             ... on level 3 of the Dungeon.
             The game lasted 00:02:37 (1679 turns).

Griffin23 the Slasher (Minotaur Fighter)            Turns: 1679, Time: 00:02:38

Health: -8/47      AC: 12    Str: 22    XL:     5   Next: 61%
Magic:  4/4        EV:  3    Int:  5    God:    Nemelex Xobeh [......]
Gold:   168        SH:  0    Dex: 10    Spells: 4/4 levels left

rFire   . . .        a - +0 long sword
rCold   . . .        c - +0 buckler
rNeg    . . .        h - +0 chain mail
rPois   .            (helmet restricted)
rElec   .            t - +0 cloak
rCorr   .            (no gloves)
SInv    .            i - +0 pair of boots
Will    .....        (no amulet) Stlth
                     (no ring)
HPRegen 0.27/turn    (no ring)
MPRegen 0.09/turn

%: no passive effects
@: mighty, held
A: horns 2, retaliatory headbutt
a: Renounce Religion, Draw Escape, Draw Destruction, Draw Summoning


You were on level 3 of the Dungeon.
You worshipped Nemelex Xobeh.
Nemelex Xobeh was noncommittal.
You visited 1 branch of the dungeon, and saw 3 of its levels.

You collected 168 gold pieces.

Inventory:

Hand Weapons
 a - a +0 long sword (weapon)
Armour
 b - a +0 scale mail
 c - a +0 buckler (worn)
 h - a +0 chain mail (worn)
 i - a +0 pair of boots (worn)
 t - a +0 cloak (worn)
Scrolls
 e - a scroll of teleportation {unknown}
 f - 2 scrolls of vulnerability {unknown}
 k - 2 scrolls of revelation {unknown}
 l - 2 scrolls of immolation {unknown}
 m - a scroll of blinking {unknown}
 o - a scroll of poison {unknown}
 q - a scroll of fog {unknown}
 r - a scroll of identify {unknown}
 s - a scroll of noise {unknown}
Potions
 d - 3 potions of might
 g - a potion of heal wounds {unknown}
 j - 2 potions of curing {unknown}
 n - a potion of haste {unknown}
 p - a potion of brilliance {unknown}


   Skills:
 + Level 4.6 Fighting
 * Level 5.0 Long Blades
 + Level 4.6 Armour
 + Level 4.7 Shields


You had 4 spell levels left.
You didn't know any spells.
Your spell library was empty.

Dungeon Overview and Level Annotations

Branches:
Dungeon (3/15)

Altars:
Nemelex Xobeh


Innate Abilities, Weirdness & Mutations

You have a pair of horns on your head.
You reflexively headbutt those who attack you in melee.


Message History

The ogre shouts!
There is an open door here.
There are monsters nearby!
The ribbon worm expels a string of sticky webbing.
The stream of webbing hits you but does no damage.
You are caught in a web!
There is a web here.
There are monsters nearby!
You are caught in a web!
There are monsters nearby!
You are caught in a web!
Okay, then.
You feel very mighty all of a sudden. The ribbon worm barely misses you.
The ogre hits you with a +0 giant club!!
Ouch! That really hurt!
The web tears apart.
The ribbon worm expels a string of sticky webbing.
The stream of webbing misses you.
You slash the ogre! Your headbutt misses the ogre.
The ogre is heavily wounded.
The ogre barely misses you.
The ribbon worm expels a string of sticky webbing.
The stream of webbing hits you but does no damage.
You are caught in a web!
You struggle to detach yourself from the web.
The ogre hits you with a +0 giant club!
* * * LOW HITPOINT WARNING * * *
You struggle to detach yourself from the web.
The ribbon worm bites you but does no damage.
You struggle to detach yourself from the web.
The ogre barely misses you.
The ribbon worm bites you but does no damage.
The web tears apart.
The ribbon worm expels a string of sticky webbing.
The stream of webbing hits you but does no damage.
You are caught in a web!
The ogre hits you with a +0 giant club!!
You die...
Your body disappears without a glow.

#).....# #......#
#......# #......#
###### #......#
#....# # ###
####'#### #.##.#
+..##..#####....#
#.##.#
#.....O....#.####
#.##.# #.....w@...#.#
#.##.# ####+####'##.#
#.##.# #....##.#
#.##.# #....##.#
..##.#
########..###.#####
####.#
#..##..#†.#...#...###
# #.#
+......').#.........#
# #.#
##ß..ß##..##....#.#.#
####.#
##))##....#.....<#.#


You could see an ogre and a ribbon worm (catching breath).

Vanquished Creatures
  A phantom (D:2)
  An iguana (D:3)
  4 adders
  A dart slug (D:2)
  2 orcs (D:3)
  7 endoplasms
  2 giant cockroaches (D:1)
  6 goblins
  7 hobgoblins
  A jackal (D:3)
  4 quokkas (D:1)
  9 ball pythons
  5 bats
  3 frilled lizards
  14 kobolds
  9 rats
76 creatures vanquished.

Notes
Turn   | Place    | Note
-------+----------+-------------------------------------------
     0 | D:1      | Griffin23 the Minotaur Fighter began the quest for the Orb.
     0 | D:1      | Reached XP level 1. HP: 19/19 MP: 0/0
   122 | D:1      | Reached XP level 2. HP: 25/27 MP: 1/1
   246 | D:1      | Reached skill level 3 in Long Blades
   396 | D:1      | Reached XP level 3. HP: 33/33 MP: 2/2
   672 | D:2      | Reached XP level 4. HP: 38/38 MP: 3/3
   712 | D:2      | Found a sparkling altar of Nemelex Xobeh.
   768 | D:2      | Noticed a phantom
   779 | D:2      | Killed a phantom
   780 | D:2      | Reached skill level 4 in Long Blades
   780 | D:2      | Reached XP level 5. HP: 37/47 MP: 4/4
   790 | D:2      | Became a worshipper of Nemelex Xobeh the Trickster
  1649 | D:3      | Reached skill level 5 in Long Blades
  1670 | D:3      | Noticed an ogre
  1679 | D:3      | Mangled by an ogre

Illustrated notes

Levels and vault maps discovered:
D:1:      erik_arrival_cave_to_civilisation [erik_arrival_cave_to_hall],
          layout_basic
D:2:      layout_rooms, basic_altar
D:3:      minmay_chambers_of_twos, layout_basic, minmay_vboxes

Skill      XL: |  1  2  3  4  5 |
---------------+----------------+-----
Long Blades    | 3 4 5 |  5.0
Fighting       | 4 |  4.6
Armour         | 4 |  4.6
Shields        | 4 |  4.7

Action                     |  1- 3 |  4- 6 || total
---------------------------+-------+-------++-------
  Melee: Long sword        |    80 |    79 ||   159
         Headbutt          |    13 |    13 ||    26
    Use: Potion            |       |     1 ||     1
 Armour: Scale mail        |    10 |       ||    10
         Chain mail        |    62 |   106 ||   168
  Dodge: Dodged            |    37 |    44 ||    81
  Block: Buckler           |    16 |    18 ||    34

Table legend: (Time is in decaauts)
 A = Elapsed time spent in this place.
 B = Non-inter-level travel time spent in this place.
 C = Inter-level travel time spent in this place.
 D = Time resting spent in this place.
 E = Time spent auto-exploring this place.
 F = Levels seen in this place.
 G = Mean time per level.
                   A        B        C        D        E       F      G
               +--------+--------+--------+--------+--------+-----+--------+
         Total |   1716 |   1671 |     45 |      0 |   1225 |   3 |  572.0 |
       Dungeon |   1716 |   1671 |     45 |      0 |   1225 |   3 |  572.0 |
               +--------+--------+--------+--------+--------+-----+--------+

Top non-repeatable levels by time:
     D:1: 607 daAuts
     D:3: 589 daAuts
     D:2: 519 daAuts
